 Dungeon Crawl Stone Soup version 0.30.0-29-ga12c61a403 (webtiles) character file.

Game seed: 8751669814986191602

11705 tectoner the Grappler (level 11, -4/102 HPs)
             Began as a Troll Berserker on June 6, 2023.
             Was a High Priest of Trog.
             Succumbed to barbed spike wounds
             ... on level 10 of the Dungeon.
             The game lasted 00:34:30 (10714 turns).

tectoner the Grappler (Troll Berserker)            Turns: 10714, Time: 00:34:30

Health: -4/102     AC:  6    Str: 29      XL:     11   Next: 52%
Magic:  10/10      EV: 15    Int:  3      God:    Trog [*****.]
Gold:   664        SH:  9    Dex: 10 (11) Spells: 10/10 levels left

rFire   . .          .
                       - Unarmed
rCold   . . .        D - +0 kite shield
rNeg    . . .        M - +0 troll leather armour
rPois   .            (helmet restricted)
rElec   .            t - scarf {shadows}
rCorr   .            (gloves unavailable)
SInv    .            (boots unavailable)
Will    +....        (no amulet)
Stlth   ++           y - ring of willpower
HPRegen 1.97/turn    v - +5 ring of evasion
MPRegen 0.12/turn

%: no passive effects
@: spiked, on berserk cooldown, slowed, very slow
A: large, unfitting armour, claws 3, regeneration 1, shaggy fur 1, tough skin 1
a: Renounce Religion, Berserk, Trog's Hand, Brothers in Arms


You were on level 10 of the Dungeon.
You worshipped Trog.
Trog was extremely pleased with you.
You visited 1 branch of the dungeon, and saw 13 of its levels.

You collected 727 gold pieces.
You spent 63 gold pieces at shops.

Inventory:

Hand Weapons
 s - a +0 dagger
Missiles
 I - a throwing net (quivered)
Armour
 a - a +0 animal skin
 t - a scarf of shadows (worn)
 A - a +1 robe of positive energy
 D - a +0 kite shield (worn)
 M - a +0 troll leather armour (worn)
Jewellery
 h - a ring of positive energy
 v - a +5 ring of evasion (right claw)
 w - a ring of flight
 y - a ring of willpower (left claw)
 G - a ring of positive energy
 K - a ring of see invisible
Wands
 B - a wand of acid (9)
 E - a wand of iceblast (18)
 F - a wand of flame (24)
 J - a wand of paralysis (11)
Scrolls
 d - a scroll of torment {unknown}
 f - 12 scrolls of identify {unknown}
 i - 4 scrolls of amnesia {unknown}
 k - 7 scrolls of immolation {unknown}
 n - 3 scrolls of enchant weapon {unknown}
 o - 2 scrolls of butterflies {unknown}
 p - 6 scrolls of teleportation {unknown}
 u - 2 scrolls of blinking {unknown}
 z - a scroll of enchant armour {unknown}
 H - a scroll of noise {unknown}
 L - a scroll of fog {unknown}
Potions
 b - 6 potions of curing {unknown}
 c - 3 potions of flight {unknown}
 e - 4 potions of might {unknown}
 g - 5 potions of heal wounds {unknown}
 j - a potion of haste {unknown}
 l - 2 potions of mutation {unknown}
 m - 2 potions of lignification {unknown}
 q - a potion of brilliance {unknown}
 r - 2 potions of resistance {unknown}
 x - 6 potions of degeneration {unknown}
 C - 3 potions of ambrosia {unknown}


   Skills:
 + Level 5.0 Fighting
 + Level 0.5 Throwing
 * Level 4.4 Armour
 + Level 6.0 Dodging
 - Level 2.2 Stealth
 + Level 5.8 Shields
 + Level 13.7 Unarmed Combat


You had 10 spell levels left.
You didn't know any spells.
Your spell library was empty.

Dungeon Overview and Level Annotations

Branches:
Dungeon (13/15)            Temple (0/1) D:5            Lair (0/5) D:9
    Orc (0/2) D:10
 Vaults: D:13-14

Altars:
Ashenzari
Dithmenos
Fedhas
Gozag
Hepliaklqana
Kikubaaqudgha
Nemelex Xobeh
Okawaru
Ru
Sif Muna
Uskayaw
Vehumet
Wu Jian
Xom
Yredelemnul
Zin

Shops:
D:6 [

Annotations:
D:9 1 runed translucent door, MacCMillion's ghost, novice MiFi


Innate Abilities, Weirdness & Mutations

You are too large for most types of armour.
You have claws for hands.
Your natural rate of healing is unusually fast.
You are covered in fur. (AC +1)
You have tough skin. (AC +1)


Message History

The smoke demon gestures at you. The ball of steam misses you.
You scratch the red devil but do no damage.
You are engulfed in a cloud of scalding steam.
You mangle the red devil!!
The red devil is almost dead.
You are engulfed in a cloud of scalding steam.
You block the red devil's attack.
The red devil hits you with a +0 trident.
Barbed spikes become lodged in your body.
You closely miss the red devil.
The red devil is almost dead.
You are engulfed in a cloud of scalding steam.
You are no longer berserk.
You are exhausted.
You feel yourself slow down. The red devil attacks as you move away!
The red devil hits you with a +0 trident!
Barbed spikes become lodged in your body.
The red devil attacks as you move away!
The red devil hits you with a +0 trident!!
* * * LOW HITPOINT WARNING * * *
Barbed spikes become lodged in your body.
The barbed spikes dig painfully into your body as you move.
* * * LOW HITPOINT WARNING * * *
You are engulfed in a cloud of scalding steam.
The red devil closely misses you. The red devil misses you.
You block the red devil's attack. The red devil misses you.
The barbed spikes dig painfully into your body as you move.
* * * LOW HITPOINT WARNING * * *
The smoke demon gestures at you. Something smites you!
* * * LOW HITPOINT WARNING * * *
There is a stone staircase leading down here.
The red devil closely misses you.
The red devil hits you from afar with a +0 trident!
* * * LOW HITPOINT WARNING * * *
Barbed spikes become lodged in your body.
The barbed spikes dig painfully into your body as you move.
You die...

##.# ##### ##.###### #
#. #.# # #. ### #.# # #
..# ##+## # #.# ##...##
# ## #.# ##.....## ##
##.##.###.......######.
##...#.##........P..##.#
#......@'.......P⌠§§....
##...#.##.......♣♣§§##..
##. #4###......⌠§§♣###.
##..3..##.......## ##
......§.###...####
.###.#...# ##'#######
#.#...# #......).####
......# #..#####.##.. #.
....# #..## #.##.#


You could see a smoke demon and a red devil.

Vanquished Creatures
  A two-headed ogre (D:10)
  A soul eater (D:10)
  A sun demon (D:10)
  4 manticores
  An orange demon (D:10)
  A smoke demon (D:10)
  2 ice devils (D:10)
  4 trolls
  A hornet (D:8)
  A wraith (D:11)
  A shadow (D:11)
  21 yaks
  A neqoxec (D:10)
  Menkaure (D:4)
  A water moccasin (D:6)
  2 orc warriors
  3 sky beasts
  4 ogres
  2 centaurs
  A phantom (D:5)
  5 kobold brigands
  A bullfrog (D:7)
  A scorpion (D:6)
  7 howler monkeys
  2 quasits (D:10)
  3 hounds
  4 orc priests
  2 gnoll boudas
  2 sleepcaps
  Jessica (D:2)
  8 orc wizards
  2 iguanas
  Robin (D:2)
  11 gnolls
  10 adders
  A white imp (D:7)
  2 worms
  A dart slug (D:1)
  23 orcs
  6 endoplasms
  A giant cockroach (D:3)
  12 goblins
  9 hobgoblins
  3 jackals (D:2)
  A quokka (D:1)
  6 ball pythons
  6 bats
  3 frilled lizards
  35 kobolds
  10 rats
233 creatures vanquished.

Notes
Turn   | Place    | Note
-------+----------+-------------------------------------------
     0 | D:1      | tectoner the Troll Berserker began the quest for the Orb.
     0 | D:1      | Reached XP level 1. HP: 22/22 MP: 0/0
   189 | D:1      | Reached XP level 2. HP: 29/29 MP: 1/1
   727 | D:2      | Found a shadowy altar of Dithmenos.
   772 | D:2      | Reached XP level 3. HP: 36/36 MP: 2/2
   797 | D:2      | Noticed Robin
   813 | D:2      | Reached ** piety under Trog
   815 | D:2      | Killed Robin
   822 | D:2      | Reached skill level 4 in Unarmed Combat
  1117 | D:2      | Noticed Jessica
  1124 | D:2      | Killed Jessica
  1125 | D:2      | Reached XP level 4. HP: 44/44 MP: 3/3
  1327 | D:2      | Found a faded altar of an unknown god.
  2159 | D:4      | Noticed Menkaure
  2179 | D:4      | Killed Menkaure
  2180 | D:4      | Reached skill level 5 in Unarmed Combat
  2180 | D:4      | Reached XP level 5. HP: 52/53 MP: 4/4
  2230 | D:4      | Noticed an ogre
  2234 | D:4      | Noticed an ogre
  2241 | D:4      | Killed an ogre
  2242 | D:4      | Reached XP level 6. HP: 45/61 MP: 5/5
  2294 | D:4      | Reached skill level 6 in Unarmed Combat
  2580 | D:4      | Reached skill level 1 in Stealth
  3433 | D:5      | Entered Level 5 of the Dungeon
  3478 | D:5      | Reached *** piety under Trog
  3523 | D:5      | Reached XP level 7. HP: 66/67 MP: 6/6
  3562 | D:5      | Found a staircase to the Ecumenical Temple.
  4107 | D:5      | Reached skill level 7 in Unarmed Combat
  4735 | D:6      | Reached XP level 8. HP: 64/75 MP: 7/7
  4934 | D:6      | Found Buleg's Armour Emporium.
  4953 | D:6      | Reached skill level 8 in Unarmed Combat
  4969 | D:6      | Bought a +0 kite shield for 63 gold pieces
  5050 | D:6      | Found a blossoming altar of Fedhas.
  5881 | D:7      | Noticed a troll
  5891 | D:7      | Killed a troll
  5892 | D:7      | Reached skill level 5 in Dodging
  5892 | D:7      | Reached skill level 9 in Unarmed Combat
  5931 | D:7      | Found a shimmering altar of Xom.
  6059 | D:7      | Found a broken altar of Ashenzari.
  6059 | D:7      | Noticed a manticore
  6063 | D:7      | Reached XP level 9. HP: 73/84 MP: 8/8
  6069 | D:7      | Killed a manticore
  6070 | D:7      | Reached skill level 1 in Shields
  6208 | D:7      | Found a glowing silver altar of Zin.
  6208 | D:7      | Found a sparkling altar of Nemelex Xobeh.
  6208 | D:7      | Found an opulent altar of Gozag.
  6209 | D:7      | Found an iron altar of Okawaru.
  6211 | D:7      | Found a basalt altar of Yredelemnul.
  6439 | D:7      | Reached **** piety under Trog
  6526 | D:7      | Found a hide-covered altar of Uskayaw.
  6697 | D:8      | Reached skill level 10 in Unarmed Combat
  7254 | D:8      | Found a sacrificial altar of Ru.
  7331 | D:8      | Found a shimmering blue altar of Sif Muna.
  7389 | D:8      | Reached skill level 1 in Armour
  7449 | D:8      | Reached ***** piety under Trog
  7457 | D:8      | Reached skill level 11 in Unarmed Combat
  7457 | D:8      | Reached XP level 10. HP: 91/94 MP: 9/9
  7523 | D:8      | Found an ancient bone altar of Kikubaaqudgha.
  7703 | D:8      | Found a radiant altar of Vehumet.
  8434 | D:9      | Found a staircase to the Lair.
  8562 | D:9      | Found a runed translucent door.
  8563 | D:9      | Found a shimmering altar of Xom.
  8563 | D:9      | Noticed MacCMillion's ghost (novice MiFi)
  8563 | D:9      | Noticed a +4 broad axe of chaos
  8606 | D:10     | Entered Level 10 of the Dungeon
  8727 | D:10     | Found a staircase to the Orcish Mines.
  8779 | D:10     | Noticed a smoke demon
  8792 | D:10     | Killed a smoke demon
  8795 | D:10     | Reached skill level 12 in Unarmed Combat
  8843 | D:10     | Noticed a two-headed ogre
  8852 | D:10     | Killed a two-headed ogre
  8886 | D:10     | Noticed a manticore
  8894 | D:10     | Killed a manticore
  8920 | D:10     | You fall into a shaft and drop 3 floors!
  8921 | D:13     | Noticed a manticore
  8933 | D:13     | Killed a manticore
  9057 | D:11     | Reached skill level 5 in Shields
  9264 | D:11     | Noticed a manticore
  9271 | D:11     | Killed a manticore
  9272 | D:11     | Reached XP level 11. HP: 87/101 MP: 10/10
  9623 | D:11     | Reached skill level 13 in Unarmed Combat
  9998 | D:10     | Noticed a soul eater
 10075 | D:10     | Noticed a sun demon
 10092 | D:10     | Killed a sun demon
 10330 | D:10     | Found a hazy altar of Hepliaklqana.
 10439 | D:10     | Killed a soul eater
 10440 | D:10     | Reached skill level 5 in Fighting
 10524 | D:10     | Found an ornate altar of the Wu Jian Council.
 10713 | D:10     | HP: 2/102 [red devil/+0 trident (7)]
 10714 | D:10     | Succumbed to barbed spike wounds

Illustrated notes

Levels and vault maps discovered:
D:1:      ncdulo_watergridlock, layout_basic
D:2:      layout_loops_corners, serial_rivers, chequers_serial_rivers_small_a,
          chequers_serial_rivers_small_a, chequers_serial_rivers_micro_d,
          chequers_serial_rivers_small_b,
          hellmonk_ecumenical_altar_leap_of_faith, basic_altar, uniq_robin,
          uniq_jessica
D:3:      layout_basic, grunt_ministairs_10, serial_park_tiny_pond,
          wander_ebering_terrifying_dragon_lair
D:4:      layout_basic, serial_rivers, chequers_serial_rivers_large_b,
          chequers_serial_rivers_micro_e, chequers_serial_rivers_marsh,
          chequers_serial_rivers_room_a, chequers_serial_rivers_room_a,
          chequers_serial_rivers_micro_e, uniq_menkaure
D:5:      layout_loops_ring, minmay_temple_entry_mist
D:6:      layout_layer_cave, fedhas_altar_2, serial_shops, shop,
          minmay_misc_feat_nine_boxes
D:7:      layout_basic, mainiacjoe_overflow_boulevard, nicolae_uskayaw_suspiria,
          xom_teletrap_fun, minitemple, minmay_hedge_maze
D:8:      layout_loops_ring, kennysheep_little_box,
          mainiacjoe_overflow_six_doors_small, mainiacjoe_overflow_alcove_4,
          kennysheep_mini_moat, dk_noncrumbling_2
D:9:      layout_roguey, lair_entry_dummy, ebering_ghost_xom
D:10:     layout_loops_corners, nicolae_hepliaklqana_hippocampus,
          mainiacjoe_overflow_tiny_flanked, orc_0_dummy, serial_demonic,
          serial_demonic_e, serial_demonic_b, serial_demonic_d,
          serial_demonic_f, serial_demonic_b, serial_demonic_c
D:11:     layout_long_grid
D:12:     minmay_gate_of_8, layout_loops_corners
D:13:     layout_loops_ring, david_vaults_1

Skill      XL: |  1  2  3  4  5  6  7  8  9 10 11 |
---------------+----------------------------------+-----
Unarmed Combat | 4 5 6 7 9 11 12 13 | 13.7
Dodging        | 3 4 5 6 |  6.0
Fighting       | 3 4 5 |  5.0
Stealth        | 1 2 |  2.2
Shields        | 3 5 |  5.8
Armour         | 1 3 4 |  4.4
Throwing       | |  0.5

Action                     |  1- 3 |  4- 6 |  7- 9 | 10-12 || total
---------------------------+-------+-------+-------+-------++-------
  Melee: Unarmed           |    93 |    98 |   294 |   238 ||   723
         Punch             |     1 |       |     1 |       ||     2
  Throw: Throwing net      |       |       |     2 |       ||     2
 Invoke: Berserk           |     1 |     3 |     7 |     6 ||    17
   Stab: Sleeping          |       |     2 |     1 |       ||     3
 Armour: Animal skin       |    35 |    27 |    15 |       ||    77
         Robe              |       |       |    25 |    16 ||    41
         Troll leather arm |       |       |       |    14 ||    14
  Dodge: Dodged            |    48 |    39 |   158 |   120 ||   365
  Block: Kite shield       |       |       |    59 |    82 ||   141
